 Dungeon Crawl Stone Soup version 0.28-a0-1555-g9ae15a6949 (webtiles) character file.

Game seed: 17609347282802809587

52 hashsling the Ducker (level 4, -1/33 HPs)
             Began as a Human Wanderer on Jan 18, 2022.
             Slain by a kobold (5 damage)
             ... on level 1 of the Dungeon.
             The game lasted 00:05:08 (1937 turns).

hashsling the Ducker (Human Wanderer)               Turns: 1937, Time: 00:05:09

Health: -1/33      AC:  3    Str: 11    XL:     4   Next: 8%
Magic:  0/6        EV: 13    Int: 14    God:
Gold:   38         SH:  0    Dex: 14    Spells: 1/5 levels left

rFire   . . .      SeeInvis .   e - staff of death
rCold   . . .      Faith    .   (no shield)
rNeg    + . .      Spirit   .   d - +0 robe
rPois   .          Reflect  .   (no helmet)
rElec   .          Harm     .   c - +0 cloak
rCorr   .          Rampage  .   (no gloves)
Will    .....                   (no boots)
Stlth   +.........              (no amulet)
HPRegen 0.11/turn               (no ring)
MPRegen 0.10/turn               (no ring)

@: no status effects
A: no striking features
a: no special abilities


You were on level 1 of the Dungeon.
You visited 1 branch of the dungeon, and saw 2 of its levels.

You collected 38 gold pieces.

Inventory:

Hand Weapons
 a - a +2 dagger
Missiles
 b - 4 curare-tipped darts
 g - 5 poisoned darts
Armour
 c - a +0 cloak (worn)
 d - a +0 robe (worn)
Magical Staves
 e - a staff of death (weapon)
Scrolls
 j - a scroll of amnesia {unknown}
 k - a scroll of identify {unknown}
Potions
 f - a potion of degeneration {unknown}
 h - a potion of ambrosia {unknown}
 i - a potion of curing {unknown}


   Skills:
 * Level 1.9 Fighting
 + Level 0.1 Staves
 - Level 3.0 Throwing
 - Level 1.0 Armour
 + Level 3.2 Dodging
 + Level 1.3 Spellcasting
 * Level 2.1 Conjurations
 - Level 1.0 Fire Magic


You had one spell level left.
You knew the following spells:

 Your Spells              Type           Power      Damage    Failure   Level
a - Foxfire               Conj/Fire      20%        2x1d5     13%         1
b - Dazzling Flash        Conj/Hex       8%         N/A       43%         3

Your spell library contained the following spells:

 Spells                   Type           Power      Damage    Failure   Level


Dungeon Overview and Level Annotations

Branches:
Dungeon (2/15)

Altars:


Message History

The worm closely misses you. The kobold closely misses you.
You are too injured to fight recklessly!
Casting: Foxfire (safe; 13% risk of failure)
Press: ? - help, Q - select action, (/) - cycle Dir - look around, f - activate You miscast Foxfire.
You are very lightly contaminated with residual magic.
Nothing appears to happen.
The kobold completely misses you. The worm bites you but does no damage.
You hit the worm but do no damage. Your punch misses the worm.
The worm is lightly wounded.
The kobold barely misses you.
An endoplasm comes into view.
There is a stone staircase leading up here.
You completely miss the worm.
The worm is lightly wounded.
The kobold hits you but does no damage. The kobold barely misses you.
The worm barely misses you.
You climb upwards.
Your magical contamination has completely faded away.
There is a stone staircase leading down here.
The worm bites you!
* * * LOW HITPOINT WARNING * * *
You are too injured to fight recklessly!
Casting: Foxfire (safe; 13% risk of failure)
Press: ? - help, Q - select action, (/) - cycle Dir - look around, f - activate You conjure some foxfire!
The kobold misses you.
The foxfire hits the worm.
The worm is moderately wounded.
The foxfire hits the worm.
The worm is moderately wounded.
The kobold hits you with a +0 short sword.
* * * LOW HITPOINT WARNING * * *
You hit the worm.
The worm is heavily wounded.
The kobold misses you.
You barely miss the worm.
The worm is heavily wounded.
The kobold hits you with a +0 short sword.
You die...

................#
..###.#..######.# #######
..###.#..######.# #.....#
..............#.# #.###.#
.........#.##.#.######.# #.#
#.###....#.##..........###.#
...................>....[..#
####..........#wK###########
# ##...########.@#
###.....#### #..#
...........# #..#######
###.#......# #........#
###.#..#...# #..#######
....#..#...####..#
###..............######
#.#..#########.)....# #
#.#..# #.####.#


You could see a worm and a kobold.

Vanquished Creatures
  2 worms (D:2)
  2 dart slugs
  4 endoplasms
  2 giant cockroaches (D:2)
  A hobgoblin (D:1)
  5 jackals (D:1)
  4 kobolds (D:1)
  3 quokkas (D:1)
  2 ball pythons (D:2)
  7 bats
  4 frilled lizards
  A goblin (D:2)
  3 rats (D:1)
40 creatures vanquished.

Vanquished Creatures (others)
  94 foxfires
94 creatures vanquished.

Grand Total: 134 creatures vanquished

Notes
Turn   | Place    | Note
-------+----------+-------------------------------------------
     0 | D:1      | hashsling the Human Wanderer began the quest for the Orb.
     0 | D:1      | hashsling set off with the following items: a +2 dagger, 4
                  | curare-tipped darts, a +0 cloak, a +0 robe; and the
                  | following spell memorised: Foxfire; and the following
                  | spells available to memorise: Dazzling Flash
     0 | D:1      | Reached XP level 1. HP: 15/15 MP: 2/2
   112 | D:1      | Reached XP level 2. HP: 21/21 MP: 0/3
   944 | D:1      | Reached XP level 3. HP: 25/26 MP: 4/4
   983 | D:1      | Learned a level 3 spell: Dazzling Flash
  1815 | D:2      | Reached skill level 1 in Fire Magic
  1815 | D:2      | Reached XP level 4. HP: 25/33 MP: 1/6
  1937 | D:1      | Slain by a kobold

Illustrated notes

Levels and vault maps discovered:
D:1:      dpeg_arrival_erosion, layout_basic
D:2:      layout_basic, ebering_ecumenical_altar_rust, minmay_misc_feat_columns,
          minmay_misc_feat_rows

Skill      XL: |  1  2  3 |
---------------+----------+-----
Conjurations   | 2 |  2.1
Fire Magic     | 1 |  1.0
Fighting       | |  1.9
Staves         | |  0.1
Throwing       | |  3.0
Armour         | |  1.0
Dodging        | |  3.2
Spellcasting   | |  1.3

Action                   |  1- 3 |  4- 6 || total
-------------------------+-------+-------++-------
Melee: Dagger            |     4 |       ||     4
       Staff             |    76 |    10 ||    86
       Punch             |     1 |       ||     1
 Cast: Foxfire           |    46 |     8 ||    54
Armor: Robe              |    33 |     2 ||    35
Dodge: Dodged            |   111 |    18 ||   129

Table legend: (Time is in decaauts)
 A = Elapsed time spent in this place.
 B = Non-inter-level travel time spent in this place.
 C = Inter-level travel time spent in this place.
 D = Time resting spent in this place.
 E = Time spent auto-exploring this place.
 F = Levels seen in this place.
 G = Mean time per level.
                   A        B        C        D        E       F      G
               +--------+--------+--------+--------+--------+-----+--------+
         Total |   1953 |   1942 |     11 |      0 |   1607 |   2 |  976.5 |
       Dungeon |   1953 |   1942 |     11 |      0 |   1607 |   2 |  976.5 |
               +--------+--------+--------+--------+--------+-----+--------+

Top non-repeatable levels by time:
     D:1: 1513 daAuts
     D:2: 440 daAuts
